 Dungeon Crawl Stone Soup version 0.27.0-66-gdc8fb28755 (webtiles) character file.

Game seed: 4609475431232562079

37 Malachi the Sneak (level 3, 21/21 HPs)
             Began as a Vampire Enchanter on Aug 20, 2021.
             Was a Follower of Hepliaklqana.
             Safely got out of the dungeon.
             The game lasted 00:02:49 (1653 turns).

Malachi the Sneak (Vampire Enchanter)               Turns: 1653, Time: 00:02:50

Health: 21/21      AC:  2    Str:  7    XL:     3   Next: 21%
Magic:  6/6        EV: 12    Int: 18    God:    Hepliaklqana [*.....]
Gold:   26         SH:  0    Dex: 14    Spells: 3/6 levels left

rFire    . . .     SeeInvis +   a - +1 dagger
rCold    . . .     Faith    .   (no shield)
rNeg     . . .     Spirit   .   b - +0 robe
rPois    .         Reflect  .   (no helmet)
rElec    .         Harm     .   (no cloak)
rCorr    .         Rampage  .   (no gloves)
Will     .....                  (no boots)
Stlth    +++.......             (no amulet)
HPRegen  0.27/turn              (no ring)
MPRegen  0.10/turn              (no ring)

@: healing quickly
A: alive, reduced essence, fangs 3, see invisible, vampiric 2
a: Exsanguinate, Renounce Religion, Recall Ancestor, Ancestor Identity


You escaped.
You worshipped Hepliaklqana.
Hepliaklqana was aware of your devotion.
You visited 1 branch of the dungeon, and saw 1 of its levels.

You collected 26 gold pieces.

Inventory:

Hand Weapons
 a - a +1 dagger (weapon)
Armour
 b - a +0 robe (worn)
Scrolls
 d - a scroll of noise {unknown}
 f - a scroll of teleportation {unknown}
 g - a scroll of identify {unknown}
Potions
 c - a potion of curing {unknown}
 e - a potion of heal wounds {unknown}


   Skills:
 - Level 1.3 Short Blades
 - Level 2.1 Dodging
 * Level 6.4 Stealth
 - Level 2.0 Spellcasting
 * Level 4.4 Hexes
 * Level 0.1 Ice Magic


You had 3 spell levels left.
You knew the following spells:

 Your Spells              Type           Power      Damage    Failure   Level
a - Corona                Hex            18%        N/A       3%          1
b - Ensorcelled Hibernat  Hex/Ice        20%        N/A       11%         2

Your spell library contained the following spells:

 Spells                   Type           Power      Damage    Failure   Level
 Confusing Touch          Hex            17%        N/A       9%          3
 Tukima's Dance           Hex            17%        N/A       9%          3
 Dazzling Flash           Conj/Hex       18%        N/A       22%         3


Dungeon Overview and Level Annotations

Branches:
Dungeon (1/15)

Altars:
Hepliaklqana


Innate Abilities, Weirdness & Mutations

Your natural rate of healing is accelerated.
Your life essence is reduced to manifest your ancestor. (-10% HP)
You have razor-sharp teeth.
You have supernaturally acute eyesight. (SInv)
You are afflicted with vampirism and can become a bat while bloodless.


Message History

There is an open door here.
You open the door.
There is an open door here.
There is an open door here.
Key pressed, stopping explore.
There is an open door here.
Partly explored, can't reach some places.
Partly explored, can't reach some places.
Partly explored, can't reach some places.
You hit the fungus.
The fungus begins to die.
The fungus is lightly damaged.
You hit the fungus.
The fungus is lightly damaged.
You hit the fungus.
The fungus is lightly damaged.
You hit the fungus but do no damage. You bite the fungus.
The fungus is lightly damaged.
A nearby fungus withers and dies.
Found a faded altar of an unknown god.
Done exploring.
Done exploring.
Done exploring.
You hit the plant.
The plant begins to die.
You bite the plant.
The plant is lightly damaged.
Unknown command.
Search for what [? for help]? altar
There is a faded altar of an unknown god here.
You cannot tell which god this altar belongs to.
Convert to them anyway?
Hepliaklqana accepts your prayer! Hepliaklqana welcomes you!
Hepliaklqana forms a fragment of your life essence into the memory of your ancestor, Kendra!
You can now recall your ancestor.
You can now remember your ancestor's identity.
Unknown command.
Press < or > to pray at altars.
There is an open door here.
There is an open door here.
There is a staircase leading out of the dungeon here.
Are you sure you want to leave the Dungeon?
This will make you lose the game!
You have escaped!

## #.####.#..# ##.....## .##
#+#######'# #......>## # ..###
##.........## #........####
....###...#####...###....)...'.).
.#####.#.#.###.#.#.#####.....####
.# ##.##.##.#.##.##.## #....## #
####.###.###.###.###.###...## #
###.####.##.#.##.####.##..## #
.'.........###..@......''## #
.#..####.### ###R####..#.# #
##.#.###.# #.###.#.#.# #.##.#.##
##.#.##.#.## #.###.##
##.###.#..## #.##.#.##
##R#.##.#...# #.#.###.#
#.###.#.#..## ##..####.###
###.####..#.########
.'.........###.........'.........


You could see the friendly Kendra the ancestor.

Vanquished Creatures
  A dart slug (D:1)
  4 endoplasms (D:1)
  2 giant cockroaches (D:1)
  3 hobgoblins (D:1)
  4 jackals (D:1)
  A quokka (D:1)
  A ball python (D:1)
  3 bats (D:1)
  5 goblins (D:1)
  2 kobolds (D:1)
  5 rats (D:1)
31 creatures vanquished.

Vanquished Creatures (others)
  A fungus (D:1)
  A plant (D:1)
2 creatures vanquished.

Grand Total: 33 creatures vanquished

Notes
Turn   | Place    | Note
-------+----------+-------------------------------------------
     0 | D:1      | Malachi the Vampire Enchanter began the quest for the Orb.
     0 | D:1      | Reached XP level 1. HP: 13/13 MP: 3/3
   123 | D:1      | Reached skill level 5 in Stealth
   327 | D:1      | Reached XP level 2. HP: 8/19 MP: 3/5
   471 | D:1      | Learned a level 2 spell: Ensorcelled Hibernation
   863 | D:1      | Reached skill level 6 in Stealth
  1101 | D:1      | Gained mutation: You are afflicted with vampirism and can
                  | become a bat while bloodless. [Vampire growth]
  1101 | D:1      | Reached XP level 3. HP: 24/24 MP: 6/6
  1573 | D:1      | Found a faded altar of an unknown god.
  1598 | D:1      | Became a worshipper of Hepliaklqana the Forgotten
  1598 | D:1      | Reached * piety under Hepliaklqana
  1653 | D:$      | Safely got out of the dungeon.

Illustrated notes

Levels and vault maps discovered:
D:1:      roderic_octagonal_star, layout_loops_corners,
          shapermc_ecumenical_altar_petra

Skill      XL: |  1  2 |
---------------+-------+-----
Stealth        | 5 6 |  6.4
Short Blades   | |  1.3
Dodging        | |  2.1
Spellcasting   | |  2.0
Hexes          | |  4.4
Ice Magic      | |  0.1

Action                   || total
-------------------------++-------
Melee: Dagger            ||   143
       Bite              ||    12
 Cast: Corona            ||    13
       Ensorcelled Hiber ||     3
 Stab: Sleeping          ||    14
Armor: Robe              ||    27
Dodge: Dodged            ||   107
